 Dungeon Crawl Stone Soup version 0.31-a0-986-g5e6e4ef867 (webtiles) character file.

Game seed: 14587253944040458669

46 freelancePsychic the Digger (level 3, -4/26 HPs)
             Began as a Demonspawn Earth Elementalist on Nov 22, 2023.
             Killed from afar by an orc wizard (7 damage)
             ... with a magic dart
             ... on level 3 of the Dungeon.
             The game lasted 00:03:35 (1997 turns).

freelancePsychic the Digger (DsEE)                  Turns: 1997, Time: 00:03:35

Health: -4/26      AC:  3    Str:  8    XL:     3   Next: 44%
Magic:  6/6        EV: 12    Int: 18    God:
Gold:   56         SH:  0    Dex: 19    Spells: 5/6 levels left

rFire   . . .        g - +0 whip
rCold   . . .        (no shield)
rNeg    + . .        a - +1 robe
rPois   .            (no helmet)
rElec   .            (no cloak)
rCorr   .            (no gloves)
SInv    .            (no boots)
Will    .....        (no amulet)
Stlth   ++           l - ring of positive energy
HPRegen 0.24/turn    n - +6 ring of dexterity
MPRegen 0.20/turn

%: no passive effects
@: lethally poisoned (-4 -> -11), about to teleport
A: magic regeneration, weakness stinger 1
a: no special abilities


You were on level 3 of the Dungeon.
You visited 1 branch of the dungeon, and saw 3 of its levels.

You collected 116 gold pieces.
You spent 60 gold pieces at shops.

Inventory:

Hand Weapons
 g - a +0 whip (weapon)
Armour
 a - a +1 robe (worn)
Jewellery
 l - a ring of positive energy (left hand)
 n - a +6 ring of dexterity (right hand)
Wands
 k - a wand of flame (24)
Scrolls
 c - a scroll of vulnerability
 e - 2 scrolls of enchant armour
 f - 2 scrolls of immolation
 i - a scroll of noise
Potions
 b - 3 potions of magic
 d - a potion of degeneration {unknown}
 j - a potion of brilliance {unknown}


   Skills:
 + Level 1.3 Fighting
 - Level 1.7 Dodging
 + Level 2.3 Stealth
 - Level 2.0 Spellcasting
 + Level 0.0 Conjurations
 - Level 0.8 Transmutations
 * Level 3.5 Earth Magic


You had 5 spell levels left.
You knew the following spells:

 Your Spells              Type           Power      Damage    Failure   Level
a - Sandblast             Erth           28%        2d8       4%          1

Your spell library contained the following spells:

 Spells                   Type           Power      Damage    Failure   Level
 Passwall                 Tmut/Erth      7%         N/A       11%         2
 Stone Arrow              Conj/Erth      16%        3d8       26%         3
 Petrify                  Tmut/Erth      9%         N/A       58%         4
 Brom's Barrelling Bould  Conj/Erth      8%         2d3       65%         4


Dungeon Overview and Level Annotations

Branches:
Dungeon (3/15)

Altars:

Shops:
D:1 *??*


Innate Abilities, Weirdness & Mutations

You regenerate magic rapidly.
You have a small tail.


Message History

The orc wizard mumbles some strange words.
The orc wizard flickers and vanishes!
Deactivating autopickup; reactivate with Ctrl-A.
The orc barely misses you. Something hits you.
You are poisoned.
The orc misses you. The orc hits you but does no damage.
You feel sick. The rat misses you.
You hit the orc.
The orc is lightly wounded.
You feel sick. Something hits you.
You are more poisoned.
The rat closely misses you.
You are too confused!
Unknown command.
It was a potion of curing.
You feel better. Something hits you.
You are poisoned.
The rat bites you but does no damage.
Okay, then.
Okay, then.
You feel sick.
You feel sick. Something hits you.
You are more poisoned.
You feel very sick. Something hits you.
You are lethally poisoned!
You feel very sick.
* * * LOW HITPOINT WARNING * * *
You feel very sick.
You feel better. Something hits you.
As you read the scroll labelled KUMIRI SOITU, it crumbles to dust.
You feel strangely unstable.
It was a scroll of teleportation.
Something hits you.
* * * LOW HITPOINT WARNING * * *
You are lethally poisoned!
* * * LOW HITPOINT WARNING * * *
You feel very sick.
A magic dart appears from out of thin air!
The magic dart hits you!
You die...

.......# #.. #.#..... .. #....
#.#.##.# .# # #....
.#.##.##.##.# #...# #..........
# #...# #..##..#.##.### #...#
#..##.......... #...#
#.@......# #######
#.####...#####.###..### #.....#
...........or{#.##..#####.<...#
...^........o###.#............#
..............#.##.######.....#
#.........####.###.# #.....#
#..#####.)# ### #.# #######
#..#[((#..# #.. #..#?($#..# #.


You could see an orc and a rat.

Vanquished Creatures
  A worm (D:2)
  An orc (D:3)
  3 bats (D:1)
  4 endoplasms (D:1)
  4 goblins
  5 hobgoblins
  6 jackals
  2 quokkas (D:2)
  3 ball pythons (D:1)
  A frilled lizard (D:1)
  4 kobolds
  2 rats
36 creatures vanquished.

Notes
Turn   | Place    | Note
-------+----------+-------------------------------------------
     0 | D:1      | freelancePsychic the Demonspawn Earth Elementalist began
                  | the quest for the Orb.
     0 | D:1      | Reached XP level 1. HP: 13/13 MP: 3/3
     5 | D:1      | Found Sosac's Magic Scroll Shoppe.
   213 | D:1      | Found Atyu's General Store.
   365 | D:1      | Reached skill level 3 in Earth Magic
   440 | D:1      | Gained mutation: You regenerate magic rapidly. [demonic
                  | ancestry]
   440 | D:1      | Reached XP level 2. HP: 20/20 MP: 3/5
   724 | D:1      | Found Cytol's Assorted Antiques.
   754 | D:1      | Reached skill level 1 in Fighting
   887 | D:1      | Found Halyfret's Magic Scroll Boutique.
  1233 | D:1      | Bought 3 scrolls labelled FIASTE SUHACSO for 60 gold pieces
  1378 | D:2      | Discovered your monstrous ancestry.
  1378 | D:2      | Gained mutation: You have a small tail. [demonic ancestry]
  1378 | D:2      | Reached XP level 3. HP: 26/26 MP: 4/6
  1997 | D:3      | Killed from afar by an orc wizard

Illustrated notes

Levels and vault maps discovered:
D:1:      reono_arrival_mine, layout_loops_corners, serial_shops,
          nicolae_shop_pleasant_corner_grove, shop,
          nicolae_shop_advertising_works [nicolae_subvault_shop_adworks],
          nicolae_square_shop, serial_bayou, serial_bayou_pond_a,
          serial_bayou_lake_a, serial_bayou_pond_c, serial_bayou_shore_b
D:2:      layout_basic
D:3:      layout_loops_cross, grunt_temple_overflow_order_and_chaos_1,
          nicolae_gozag_seed_capital, serial_shops, nicolae_shop_rolling_square,
          serial_glass, glass_columns_a, glass_columns_a, due_unseen_surprise,
          item_on_display_a, minmay_strange_pillars

Skill      XL: |  1  2 |
---------------+-------+-----
Stealth        | 2 |  2.3
Earth Magic    | 3 |  3.5
Fighting       | 1 |  1.3
Dodging        | |  1.7
Spellcasting   | |  2.0
Transmutations | |  0.8

Action                     || total
---------------------------++-------
  Melee: Unarmed           ||    12
         Whip              ||     8
         Tailslap          ||     3
   Cast: Sandblast         ||    44
    Use: Scroll            ||     5
         Potion            ||     2
 Armour: Robe              ||    35
  Dodge: Dodged            ||    45

Table legend: (Time is in decaauts)
 A = Elapsed time spent in this place.
 B = Non-inter-level travel time spent in this place.
 C = Inter-level travel time spent in this place.
 D = Time resting spent in this place.
 E = Time spent auto-exploring this place.
 F = Levels seen in this place.
 G = Mean time per level.
                   A        B        C        D        E       F      G
               +--------+--------+--------+--------+--------+-----+--------+
         Total |   2070 |   1985 |     85 |     54 |   1657 |   3 |  690.0 |
       Dungeon |   2070 |   1985 |     85 |     54 |   1657 |   3 |  690.0 |
               +--------+--------+--------+--------+--------+-----+--------+

Top non-repeatable levels by time:
     D:1: 1330 daAuts
     D:2: 612 daAuts
     D:3: 127 daAuts
